 Dungeon Crawl Stone Soup version 0.29-a0-892-g2c4c91d9db (webtiles) character file.

Game seed: 2113802906952109128

123 wingedge the Gusty (level 5, -3/51 HPs)
             Began as a Human Wanderer on July 22, 2022.
             Slain by a phantom (6 damage)
             ... on level 4 of the Dungeon.
             The game lasted 00:11:48 (3866 turns).

wingedge the Gusty (Human Wanderer)                 Turns: 3866, Time: 00:11:48

Health: -3/51      AC: 22    Str: 12    XL:     5   Next: 29%
Magic:  2/7        EV:  2    Int: 18    God:
Gold:   70         SH:  2    Dex:  9    Spells: 4/7 levels left

rFire   . . .      SeeInvis .   b - +0 spear
rCold   . . .      Faith    .   h - +0 buckler
rNeg    . . .      Spirit   .   (body armour currently unavailable)
rPois   +          Reflect  .   (helmet currently unavailable)
rElec   .          Harm     .   (cloak currently unavailable)
rCorr   .          Rampage  .   (gloves currently unavailable)
Will    .....      NoTele   +   (boots currently unavailable)
Stlth   +.........              (no amulet)
HPRegen 0.17/turn               (no ring)
MPRegen 0.10/turn               (no ring)

@: tree-form
A: stationary, stasis, torment immunity, boosted hp, (horns 1), (iridescent
scales 1), frail 1
a: no special abilities


You were on level 4 of the Dungeon.
You were a tree.
You visited 1 branch of the dungeon, and saw 4 of its levels.

You collected 187 gold pieces.
You spent 117 gold pieces at shops.

Inventory:

Hand Weapons
 b - a +0 spear (weapon)
Armour
 c - a +0 robe (melded)
 d - a +1 helmet
 g - a +0 ring mail
 h - a +0 buckler (worn)
Scrolls
 a - a scroll of amnesia
 e - a scroll of fear
 f - 2 scrolls of torment {unknown}
 l - a scroll of teleportation {unknown}
 m - a scroll of fog {unknown}
Potions
 i - a potion of magic


   Skills:
 + Level 1.7 Fighting
 + Level 0.5 Armour
 - Level 2.0 Dodging
 + Level 0.0 Stealth
 + Level 1.9 Spellcasting
 + Level 1.2 Summonings
 * Level 2.9 Transmutations
 + Level 4.2 Air Magic
 - Level 1.0 Invocations
 - Level 1.0 Evocations


You had 4 spell levels left.
You knew the following spells:

 Your Spells              Type           Power      Damage    Failure   Level
a - Shock                 Conj/Air       36%        1d5       11%         1
b - Wereblood             Tmut           12%        N/A       12%         2

Your spell library contained the following spells:

 Spells                   Type           Power      Damage    Failure   Level
 Static Discharge         Conj/Air       9%         3-5/arc   16%         2
 Passwall                 Tmut/Erth      5%         N/A       21%         2
 Summon Lightning Spire   Summ/Air       11%        N/A       63%         4


Dungeon Overview and Level Annotations

Branches:
Dungeon (4/15)
 Temple: D:4-7

Altars:

Shops:
D:2 *?

Annotations:
D:3 Grinder


Innate Abilities, Weirdness & Mutations

You are a tree.
Your roots penetrate the ground, keeping you stationary.
You cannot be teleported.
You are immune to unholy pain and torment.
Your maximum health is greatly increased.
Your equipment is partially melded.
((You have a pair of small horns on your head.))
((You are partially covered in iridescent scales. (AC +2)))
You are frail. (-10% HP)


Message History

The phantom is heavily damaged.
The phantom hits you but does no damage.
You barely miss the phantom.
The phantom is heavily damaged.
The phantom hits you.
* * * LOW HITPOINT WARNING * * *
You closely miss the phantom.
The phantom is heavily damaged.
The phantom hits you but does no damage.
You closely miss the phantom.
The phantom is heavily damaged.
The phantom hits you.
* * * LOW HITPOINT WARNING * * *
The phantom blinks!
You blink.
The phantom hits you.
* * * LOW HITPOINT WARNING * * *
It was a potion of mutation.
You feel extremely strange.
Iridescent scales grow over part of your body.
You feel frail. A pair of horns grows on your head!
Your +1 helmet falls away!
The phantom barely misses you.
Really quaff the potion of lignification?
You turn into a tree.
Your +0 robe melds into your body.
Your roots penetrate the ground.
The phantom hits you but does no damage.
You closely miss the phantom.
The phantom is heavily damaged.
The phantom hits you but does no damage.
You hit the phantom but do no damage.
The phantom is heavily damaged.
The phantom hits you but does no damage.
You hit the phantom but do no damage.
The phantom is heavily damaged.
The phantom hits you but does no damage.
You barely miss the phantom.
The phantom is heavily damaged.
The phantom hits you.
* * * LOW HITPOINT WARNING * * *
You hit the phantom.
The phantom is heavily damaged.
The phantom hits you.
You die...

#.# ###.####(# ###.###
#........# #.....#
#†#.######
#.###.####.#.###########
#. #...................
# #.#.####.##########.
.#.# #.# ## # #.# #♣#
#W# ###


You could see a phantom.

Vanquished Creatures
  A hound (D:4)
  4 adders
  A worm (D:3)
  2 dart slugs
  An orc (D:3)
  5 endoplasms
  3 giant cockroaches
  6 goblins
  6 hobgoblins
  2 quokkas (D:2)
  3 ball pythons
  2 bats
  3 frilled lizards
  6 kobolds
  6 rats
51 creatures vanquished.

Notes
Turn   | Place    | Note
-------+----------+-------------------------------------------
     0 | D:1      | wingedge the Human Wanderer began the quest for the Orb.
     0 | D:1      | wingedge set off with the following items: a +0 club, a
                  | potion of invisibility, a +0 robe, a +0 helmet; and the
                  | following spell memorised: Shock; and the following spells
                  | available to memorise: Static Discharge, Wereblood,
                  | Passwall, Summon Lightning Spire.
     0 | D:1      | Reached XP level 1. HP: 13/13 MP: 2/2
   352 | D:1      | Reached XP level 2. HP: 20/20 MP: 0/3
  1073 | D:1      | Reached skill level 1 in Fighting
  1073 | D:1      | Reached XP level 3. HP: 26/26 MP: 0/5
  1140 | D:1      | Learned a level 2 spell: Wereblood
  1681 | D:2      | Found a faded altar of an unknown god.
  1944 | D:2      | Found Zynt's Assorted Antiques.
  1952 | D:2      | Bought a scroll labelled QUXKAENILE for 25 gold pieces
  1952 | D:2      | Bought a coppery potion for 22 gold pieces
  1952 | D:2      | Bought a scroll labelled KYNGAN BADINU for 25 gold pieces
  1952 | D:2      | Bought a scroll labelled XAESETHR MEEMU for 25 gold pieces
  2073 | D:2      | Reached XP level 4. HP: 11/32 MP: 0/6
  2576 | D:2      | Found Zaewn's Magic Scroll Emporium.
  2584 | D:2      | Bought a scroll of identify for 20 gold pieces
  2908 | D:3      | Reached skill level 1 in Summonings
  3225 | D:3      | Noticed Grinder
  3236 | D:3      | Paralysed by Grinder for 2 turns
  3723 | D:4      | Reached XP level 5. HP: 25/38 MP: 7/7
  3838 | D:4      | Noticed a phantom
  3860 | D:4      | Gained mutation: You are partially covered in iridescent
                  | scales. (AC +2) [potion of mutation]
  3860 | D:4      | Gained mutation: You are frail. (-10% HP) [potion of
                  | mutation]
  3860 | D:4      | Gained mutation: You have a pair of small horns on your
                  | head. [potion of mutation]
  3866 | D:4      | Slain by a phantom

Illustrated notes

Levels and vault maps discovered:
D:1:      grunt_arrival_crossed_arrows, layout_rooms, nrook_campfire
D:2:      layout_basic, shapermc_ecumenical_altar_ellora, serial_shops, shop,
          shop_fountains
D:3:      layout_rooms, grunt_decor_mini_mirrors, uniq_grinder
D:4:      layout_loops_ring, kennysheep_path_1, uniq_menkaure,
          uniq_crazy_yiuf_cottage, uniq_eustachio

Skill      XL: |  1  2  3  4 |
---------------+-------------+-----
Transmutations | 2 |  2.9
Fighting       | 1 |  1.7
Summonings     | 1 |  1.2
Armour         | |  0.5
Dodging        | |  2.0
Spellcasting   | |  1.9
Air Magic      | |  4.2
Invocations    | |  1.0
Evocations     | |  1.0

Action                   |  1- 3 |  4- 6 || total
-------------------------+-------+-------++-------
Melee: Club              |    20 |       ||    20
       Spear             |    57 |    52 ||   109
 Cast: Shock             |    63 |    51 ||   114
       Wereblood         |     2 |     4 ||     6
  Use: Potion            |     3 |     2 ||     5
       Scroll            |     2 |     5 ||     7
Armor: Robe              |    24 |    14 ||    38
       Skin              |       |     4 ||     4
Dodge: Dodged            |    67 |    27 ||    94
Block: Buckler           |       |     1 ||     1

Table legend: (Time is in decaauts)
 A = Elapsed time spent in this place.
 B = Non-inter-level travel time spent in this place.
 C = Inter-level travel time spent in this place.
 D = Time resting spent in this place.
 E = Time spent auto-exploring this place.
 F = Levels seen in this place.
 G = Mean time per level.
                   A        B        C        D        E       F      G
               +--------+--------+--------+--------+--------+-----+--------+
         Total |   3884 |   3842 |     42 |   1757 |   1533 |   4 |  971.0 |
       Dungeon |   3884 |   3842 |     42 |   1757 |   1533 |   4 |  971.0 |
               +--------+--------+--------+--------+--------+-----+--------+

Top non-repeatable levels by time:
     D:1: 1501 daAuts
     D:2: 1363 daAuts
     D:4: 624 daAuts
     D:3: 395 daAuts
